 Dungeon Crawl Stone Soup version 0.24-a0-429-g4608c8fa30 (webtiles) character file.

Game seed: 607262992566600581

7368 mhoghedin the Thaumaturge (level 10, -5/56 HPs)
             Began as a Deep Elf Air Elementalist on June 13, 2019.
             Was a Believer of Vehumet.
             Slain by a yak (11 damage)
             ... on level 1 of the Lair of Beasts.
             The game lasted 00:21:48 (8733 turns).

mhoghedin the Thaumaturge (DEAE)                    Turns: 8733, Time: 00:21:49

Health: -5/56      AC:  8    Str:  5    XL:     10   Next: 91%
Magic:  13/26      EV: 15    Int: 24    God:    Vehumet [**....]
Gold:   506        SH:  6    Dex: 15    Spells: 14/29 levels left

rFire    . . .     SeeInvis +   n - staff of conjuration {!a}
rCold    . . .     Gourm    .   q - +1 buckler
rNeg     . . .     Faith    .   w - +3 leather armour {MR+}
rPois    .         Spirit   .   b - +0 helmet
rElec    .         Reflect  .   (no cloak)
rCorr    .         Harm     .   x - +0 pair of gloves
MR       ++...                  (no boots)
Stlth    ++........             j - amulet of regeneration {+regen, !d}
HPRegen  0.58/turn              C - ring of see invisible {sInv, !d}
MPRegen  0.20/turn              D - ring of wizardry {Wiz+, !d}

@: no status effects
A: no striking features
a: Renounce Religion


You were on level 1 of the Lair of Beasts.
You worshipped Vehumet.
Vehumet was pleased with you.
You were not hungry.

You visited 2 branches of the dungeon, and saw 9 of its levels.

You collected 506 gold pieces.

Inventory:

Hand Weapons
 m - the +8 hand axe of Objectivity {flame, Int+2 Dex+4 Stlth+}
   (You found it on level 4 of the Dungeon)

   It has been specially enchanted to burn those struck by it, causing extra
   injury to most foes and up to half again as much damage against particularly
   susceptible opponents.
   Big, fiery blades are also staple armaments of hydra-hunters.
   It affects your intelligence (+2).
   It affects your dexterity (+4).
   It makes you more stealthy.
Missiles
 p - a throwing net {=f, !d}
Armour
 b - a +0 helmet (worn)
   (You found it on level 1 of the Dungeon)
 q - a +1 buckler (worn)
   (You found it on level 4 of the Dungeon)
 w - a +3 leather armour of magic resistance (worn)
   (You took it off an orc on level 8 of the Dungeon)
 x - a +0 pair of gloves (worn)
   (You found it on level 6 of the Dungeon)
Magical Staves
 n - an uncursed staff of conjuration (weapon) {!a}
   (You found it on level 4 of the Dungeon)
Jewellery
 f - an uncursed ring of positive energy {rN+}
   (You found it on level 3 of the Dungeon)
 j - an amulet of regeneration (around neck) {+regen, !d}
   (You found it on level 3 of the Dungeon)
 s - a +2 ring of evasion
   (You found it on level 6 of the Dungeon)
 u - a +2 amulet of reflection
   (You found it on level 6 of the Dungeon)
 C - a ring of see invisible (left hand) {sInv, !d}
   (You found it on level 8 of the Dungeon)
 D - a ring of wizardry (right hand) {Wiz+, !d}
   (You found it on level 7 of the Dungeon)
Wands
 e - a wand of iceblast (14)
   (You found it on level 4 of the Dungeon)
 k - a wand of paralysis (13)
   (You found it on level 4 of the Dungeon)
Scrolls
 d - a scroll of noise {!r}
 g - a scroll of fear
 i - 6 scrolls of remove curse
 t - a scroll of enchant armour
 y - a scroll of teleportation
 A - a scroll of amnesia
 B - a scroll of identify
Potions
 a - a potion of degeneration {unknown}
 h - a potion of resistance {unknown}
 l - a potion of curing
 o - a potion of agility
 v - a potion of haste {unknown}
 z - a potion of mutation {unknown}
 E - 2 potions of invisibility {unknown}
Comestibles
 c - 17 rations
 r - 5 chunks of flesh {@w0}


   Skills:
 - Level 4.1 Fighting
 - Level 2.7 Armour
 - Level 6.7 Dodging
 - Level 2.4 Stealth
 - Level 4.0 Shields
 - Level 10.3 Spellcasting
 + Level 9.0 Conjurations
 + Level 8.8 Air Magic


You had 14 spell levels left.
You knew the following spells:

 Your Spells              Type           Power        Failure   Level  Hunger
a - Shock                 Conj/Air       ####         1%          1    None
b - Static Discharge      Conj/Air       ######..     1%          3    None
c - Airstrike             Air            ######....   1%          4    #......
s - Swiftness             Chrm/Air       ####....     1%          2    None
x - Lightning Bolt        Conj/Air       ######....   2%          5    ####...

Your spell library contained the following spells:

 Spells                   Type           Power        Failure   Level  Hunger
 Throw Frost              Conj/Ice       ######       1%          2    None


Dungeon Overview and Level Annotations

Branches:
Dungeon (8/15)             Temple (0/1) D:7            Lair (1/6) D:8

Altars:
Ashenzari
Hepliaklqana
Kikubaaqudgha
Makhleb
Ru
Vehumet
Wu Jian


Message History

g - Guard the area. f - Follow me.
Anything else - Cancel.
You shout for attention!
The yak bellows!
You hear a bellow!
A yak comes into view.
What are your orders? t - Shout!
Orders for allies: a - Attack new target. r - Retreat! s - Stop attacking. g - Guard the area. f - Follow me.
Anything else - Cancel.
You shout for attention!
The yak bellows!
What are your orders? t - Shout!
Orders for allies: a - Attack new target. r - Retreat! s - Stop attacking. g - Guard the area. f - Follow me.
Anything else - Cancel.
You shout for attention!
What are your orders? t - Shout!
Orders for allies: a - Attack new target. r - Retreat! s - Stop attacking. g - Guard the area. f - Follow me.
Anything else - Cancel.
You shout for attention!
Unknown command.
Unknown command.
You feel a surge of power!
The yak is struck by an arc of lightning.
The lightning grounds out.
The yak misses you.
Unknown command.
You now have 23/26 mp.
Aim: a yak (lightly wounded)
Okay, then.
Unknown command.
You feel a surge of power!
The yak is struck by an arc of lightning!
You are struck by an arc of lightning.
The yak is struck by an arc of lightning!
You are struck by an arc of lightning.
The lightning grounds out.
The yak gores you!
Unknown command.
You take 15 damage, and have 41/56 hp.
MASSIVE DAMAGE!!
You now have 20/26 mp.
You feel a surge of power!
The yak is struck by an arc of lightning.
You are struck by an arc of lightning.
The yak is struck by an arc of lightning.
The lightning grounds out.
The yak is struck by an arc of lightning!
The yak is struck by an arc of lightning.
You are struck by an arc of lightning.
The lightning grounds out.
The yak gores you! The yak gores you.
Unknown command.
You take 22 damage, and have 19/56 hp.
MASSIVE DAMAGE!!
You now have 18/26 mp.
You feel a surge of power!
The yak is struck by an arc of lightning!
You are struck by an arc of lightning.
* * * LOW HITPOINT WARNING * * *
The lightning grounds out.
The yak is struck by an arc of lightning!
You kill the yak!
Vehumet accepts your kill.
You feel your power returning.
The yak is struck by an arc of lightning!
The lightning grounds out.
Unknown command.
You feel a surge of power!
The yak is struck by an arc of lightning!
You kill the yak!
Vehumet accepts your kill.
You feel your power returning.
Your Conjurations skill increases to level 9!
You are struck by an arc of lightning.
* * * LOW HITPOINT WARNING * * *
Unknown command.
You take 4 damage, and have 15/56 hp.
You now have 16/26 mp.
Okay, then.
The floor.
Unknown command.
The yak gores you!
* * * LOW HITPOINT WARNING * * *
You take 12 damage, and have 4/56 hp.
MASSIVE DAMAGE!!
Okay, then.
You feel a surge of power!
The zap hits the yak. x2
The yak barely misses you.
You now have 16/26 mp.
You feel a surge of power!
The zap hits the yak but does no damage.
The zap hits the yak!
The yak gores you but does no damage.
You now have 15/26 mp.
You feel a surge of power!
The zap hits the yak. x2; The yak gores you.
* * * LOW HITPOINT WARNING * * *
You now have 14/26 mp.
You feel a surge of power!
The zap hits the yak. x2; The yak gores you!
You die...

### ###
########.#######.##########
###.#...#8.8#..........#....#.
#.............................
#....#..#8.8†Y................
#....###..#.##@..###....######.
#...## #######..######..##
#.... #######...###..#...######
.... #...P.#..................
... ...F..÷..................
..# #...÷..................
#####....#####..##P###.
####...######..####
#.##.PP###.##..#P###


You could see a yak.

Vanquished Creatures
  A hydra (Lair:1)
  A black mamba (Lair:1)
  Joseph (D:7)
  2 komodo dragons (Lair:1)
  A queen bee (D:8)
  Grinder (D:3)
  A hippogriff (D:7)
  2 yaks (Lair:1)
  A hungry ghost (D:8)
  Menkaure (D:6)
  2 wargs (D:8)
  3 water moccasins
  2 porcupines (Lair:1)
  2 orc warriors
  2 sky beasts
  4 ogres
  6 wolves (Lair:1)
  A phantom (D:6)
  A centaur (D:6)
  2 crocodiles (Lair:1)
  A bullfrog (D:6)
  A scorpion (D:5)
  14 killer bees
  3 wights (D:8)
  A jelly (D:6)
  A bullfrog zombie (D:5)
  4 crimson imps
  A centaur zombie (D:5)
  3 hounds
  5 orc priests
  11 orc wizards
  A bullfrog skeleton (D:8)
  An iguana (D:6)
  Jessica (D:2)
  4 hell rats (Lair:1)
  6 worker ants
  2 worker ant zombies
  9 adders
  A shadow imp (D:7)
  2 oozes
  An adder skeleton (D:4)
  4 worms
  2 leopard geckos
  22 orcs
  4 bats
  11 giant cockroaches
  12 goblins
  6 hobgoblins
  8 jackals
  A ball python (D:4)
  2 frilled lizards
  12 kobolds
  A quokka zombie (D:5)
  12 rats
207 creatures vanquished.

Vanquished Creatures (others)
  3 fungi (Lair:1)
  A plant (Lair:1)
4 creatures vanquished.

Grand Total: 211 creatures vanquished

Notes
Turn   | Place    | Note
-------+----------+-------------------------------------------
     0 | D:1      | mhoghedin the Deep Elf Air Elementalist began the quest for
                  | the Orb.
     0 | D:1      | Reached XP level 1. HP: 10/10 MP: 6/6
   202 | D:1      | Reached XP level 2. HP: 15/15 MP: 5/8
   546 | D:1      | Learned a level 2 spell: Swiftness
   937 | D:2      | Reached skill level 2 in Conjurations
  1014 | D:2      | Reached XP level 3. HP: 19/19 MP: 2/10
  1081 | D:2      | Noticed Jessica
  1085 | D:2      | Killed Jessica
  1085 | D:2      | Reached skill level 4 in Spellcasting
  1166 | D:2      | Learned a level 3 spell: Static Discharge
  1441 | D:2      | Reached XP level 4. HP: 24/24 MP: 6/12
  1464 | D:2      | Found an ancient bone altar of Kikubaaqudgha.
  2227 | D:3      | Noticed Grinder
  2240 | D:3      | Paralysed by Grinder for 3 turns
  2291 | D:4      | Noticed an ogre
  2303 | D:4      | HP: 1/24 [ogre/+0 giant club (18)]
  2305 | D:4      | Killed an ogre
  2305 | D:4      | Reached skill level 5 in Spellcasting
  2305 | D:4      | Reached skill level 3 in Conjurations
  2305 | D:4      | Reached skill level 4 in Air Magic
  2305 | D:4      | Reached XP level 5. HP: 2/28 MP: 7/14
  2321 | D:4      | Noticed an ogre
  2338 | D:4      | HP: 7/28 [hound (5)]
  2343 | D:4      | HP: 7/42 [adder (1)]
  2457 | D:4      | Got a slimy hand axe
  2458 | D:4      | Identified the +8 hand axe of Objectivity {flame, Int+2
                  | Dex+4 Stlth+} (You found it on level 4 of the Dungeon)
  2468 | D:4      | Learned a level 4 spell: Airstrike
  2524 | D:4      | Killed an ogre
  2524 | D:4      | Reached skill level 4 in Conjurations
  2524 | D:4      | Reached XP level 6. HP: 32/32 MP: 11/16
  2549 | D:4      | Learned a level 5 spell: Lightning Bolt
  2794 | D:4      | Found an ornate altar of the Wu Jian Council.
  2894 | D:4      | Reached skill level 5 in Air Magic
  2927 | D:4      | Reached skill level 6 in Spellcasting
  3131 | D:3      | Reached XP level 7. HP: 30/37 MP: 11/18
  3159 | D:3      | Reached skill level 3 in Dodging
  3170 | D:3      | Reached skill level 1 in Fighting
  3170 | D:3      | Reached skill level 1 in Shields
  3367 | D:3      | Found a faded altar of an unknown god.
  3640 | D:3      | Killed Grinder
  3840 | D:5      | Entered Level 5 of the Dungeon
  3856 | D:5      | Reached skill level 4 in Dodging
  3979 | D:5      | Reached skill level 2 in Fighting
  3979 | D:5      | Reached skill level 2 in Shields
  4202 | D:5      | Found a shattered altar of Ashenzari.
  4202 | D:5      | Found a hazy altar of Hepliaklqana.
  4471 | D:5      | Reached XP level 8. HP: 36/45 MP: 1/19
  4625 | D:5      | Got a shimmering leather armour
  4656 | D:5      | Identified the +1 leather armour "Vogu" {rF+} (You found it
                  | on level 5 of the Dungeon)
  4774 | D:6      | Found a sacrificial altar of Ru.
  4821 | D:6      | Noticed Menkaure
  4846 | D:6      | Killed Menkaure
  4846 | D:6      | Reached skill level 5 in Dodging
  5046 | D:6      | Reached skill level 3 in Fighting
  5046 | D:6      | Reached skill level 3 in Shields
  5078 | D:6      | Reached skill level 1 in Armour
  5490 | D:6      | Reached skill level 2 in Armour
  5490 | D:6      | Reached skill level 6 in Dodging
  5754 | D:7      | Found a radiant altar of Vehumet.
  5760 | D:7      | Became a worshipper of Vehumet
  5863 | D:7      | Noticed a hippogriff
  5871 | D:7      | Killed a hippogriff
  5871 | D:7      | Reached skill level 4 in Fighting
  5871 | D:7      | Reached skill level 4 in Shields
  5871 | D:7      | Reached XP level 9. HP: 31/52 MP: 0/20
  6023 | D:7      | Found a burning altar of Makhleb.
  6042 | D:7      | Noticed Joseph
  6070 | D:7      | Killed Joseph
  6070 | D:7      | Reached skill level 5 in Conjurations
  6210 | D:7      | Found a staircase to the Ecumenical Temple.
  6513 | D:8      | Reached skill level 7 in Spellcasting
  6516 | D:8      | Reached * piety under Vehumet
  6516 | D:8      | Offered knowledge of Magic Dart by Vehumet.
  6684 | D:8      | Reached skill level 6 in Air Magic
  6875 | D:8      | Reached skill level 6 in Conjurations
  7000 | D:8      | Reached skill level 8 in Spellcasting
  7092 | D:8      | Found a staircase to the Lair.
  7105 | D:8      | Noticed a queen bee
  7139 | D:8      | Killed a queen bee
  7148 | D:7      | Reached XP level 10. HP: 31/56 MP: 0/24
  7357 | D:8      | Reached skill level 7 in Air Magic
  7403 | D:8      | Offered knowledge of Throw Frost by Vehumet.
  7467 | D:8      | Reached skill level 7 in Conjurations
  7537 | D:8      | Reached ** piety under Vehumet
  7622 | D:8      | Reached skill level 9 in Spellcasting
  7791 | Lair:1   | Entered Level 1 of the Lair of Beasts
  7990 | Lair:1   | Noticed a five-headed hydra
  8018 | Lair:1   | Killed a five-headed hydra
  8395 | Lair:1   | Noticed a black mamba
  8397 | Lair:1   | Reached skill level 8 in Conjurations
  8397 | Lair:1   | Reached skill level 8 in Air Magic
  8397 | Lair:1   | Noticed a spiny frog
  8398 | Lair:1   | Reached skill level 10 in Spellcasting
  8400 | Lair:1   | HP: 11/56 [black mamba (14)]
  8402 | Lair:1   | Killed a black mamba
  8726 | Lair:1   | Reached skill level 9 in Conjurations
  8726 | Lair:1   | HP: 14/56 [/static electricity (1)]
  8728 | Lair:1   | HP: 4/56 [yak (12)]
  8733 | Lair:1   | Slain by a yak

Levels and vault maps discovered:
D:1:      moated_graveyard_arrival, layout_basic
D:2:      layout_loops_corners, nicolae_overflow_hidden_temple, uniq_jessica
D:3:      layout_basic, chequers_ecumenical_altar_simple, uniq_grinder
D:4:      layout_loops_ring, old_standard_altar, first_ration
D:5:      layout_gridville, gammafunk_temple_overflow_wave,
          kennysheep_nondescript, hangedman_decor_growths
D:6:      minmay_razor_zed, layout_cave_pools, overflow_temple_1_default,
          uniq_menkaure
D:7:      layout_rooms, kennysheep_little_box, minmay_temple_entry_fiery,
          makhleb_heckhound_becter, uniq_joseph
D:8:      layout_rooms, erik_lair_orcish_takeover, david_nohive_1
Lair:1:   layout_concentric_octagons, chequers_serial_rivers_micro_e,
          small_statue_intersection, kennysheep_abandoned_house,
          minmay_lair_oklob_chamber

Skill      XL: |  1  2  3  4  5  6  7  8  9 10 |
---------------+-------------------------------+-----
Conjurations   | 2 3 4 6 9 |  9.0
Spellcasting   | 4 5 6 8 10 | 10.3
Air Magic      | 4 5 6 8 |  8.8
Dodging        | 4 6 |  6.7
Fighting       | 2 4 |  4.1
Shields        | 2 4 |  4.0
Armour         | 2 |  2.7
Stealth        | |  2.4

Action                   |  1- 3 |  4- 6 |  7- 9 | 10-12 || total
-------------------------+-------+-------+-------+-------++-------
Melee: Staff             |       |       |    15 |     7 ||    22
 Cast: Shock             |    65 |    84 |   150 |    18 ||   317
       Static Discharge  |       |     2 |    60 |    47 ||   109
       Swiftness         |       |     1 |     1 |       ||     2
       Lightning Bolt    |       |       |     4 |     9 ||    13
       Airstrike         |       |       |     8 |     2 ||    10
Evoke: Wand              |       |       |    14 |     7 ||    21
  Use: Scroll            |     2 |     2 |    11 |     2 ||    17
       Potion            |       |     1 |     3 |       ||     4
 Stab: Paralysed         |       |       |     9 |       ||     9
  Eat: Chunk             |     1 |     2 |    10 |     4 ||    17
       Ration            |       |     1 |     2 |       ||     3
Armor: Robe              |     3 |       |     2 |       ||     5
       Skin              |       |     8 |       |       ||     8
       Leather armour    |       |       |    14 |    10 ||    24
Dodge: Dodged            |    15 |     7 |    78 |    38 ||   138
Block: Buckler           |       |       |    40 |    17 ||    57

Table legend:
 A = Non-vault XP
 B = Vault XP
 C = Vault XP percentage of total XP
 D = Non-vault monster count
 E = Vault monster count
 F = Vault count percentage of total count
                 A         B        C        D         E       F
            +---------+---------+-------+---------+---------+-------
      Total |    6744 |    3783 |  35.9 |     158 |      49 |  23.7
            +---------+---------+-------+---------+---------+-------
        D:1 |      34 |       0 |   0.0 |      17 |       0 |   0.0
        D:2 |      57 |      37 |  39.4 |      22 |       1 |   4.3
        D:3 |     210 |     254 |  54.7 |      26 |       1 |   3.7
        D:4 |     518 |       0 |   0.0 |      24 |       0 |   0.0
        D:5 |     334 |       0 |   0.0 |      16 |       0 |   0.0
        D:6 |     265 |     958 |  78.3 |       3 |      11 |  78.6
        D:7 |     447 |     654 |  59.4 |       8 |       5 |  38.5
        D:8 |     928 |    1633 |  63.8 |      25 |      21 |  45.7
     Lair:1 |    3951 |     247 |   5.9 |      17 |      10 |  37.0
            +---------+---------+-------+---------+---------+-------

Levels and vault maps discovered:
D:1:      moated_graveyard_arrival, layout_basic
D:2:      layout_loops_corners, nicolae_overflow_hidden_temple, uniq_jessica
D:3:      layout_basic, chequers_ecumenical_altar_simple, uniq_grinder
D:4:      layout_loops_ring, old_standard_altar, first_ration
D:5:      layout_gridville, gammafunk_temple_overflow_wave,
          kennysheep_nondescript, hangedman_decor_growths
D:6:      minmay_razor_zed, layout_cave_pools, overflow_temple_1_default,
          uniq_menkaure
D:7:      layout_rooms, kennysheep_little_box, minmay_temple_entry_fiery,
          makhleb_heckhound_becter, uniq_joseph
D:8:      layout_rooms, erik_lair_orcish_takeover, david_nohive_1
Lair:1:   layout_concentric_octagons, chequers_serial_rivers_micro_e,
          small_statue_intersection, kennysheep_abandoned_house,
          minmay_lair_oklob_chamber

Table legend:
 A = Turns spent in this place as a percentage of turns spent in the entire game.
 B = Non-inter-level travel turns spent in this place as a percentage of non-inter-level travel turns spent in the entire game.
 C = Inter-level travel turns spent in this place as a percentage of turns spent in this place.
 D = Turns resting spent in this place as a percentage of non-inter-level travel turns spent in this place.
 E = Turns spent auto-exploring this place as a percentage of non-inter-level travel turns spent in this place.
 F = Non-inter-level travel turns spent in this place divided by the number of levels of this place that you've seen.
                   A       B       C       D       E      F
               +-------+-------+-------+-------+-------+----------------------
         Total | 100.0 | 100.0 |   3.5 |  25.5 |  55.4 | 936.2
       Dungeon |  89.2 |  88.8 |   3.9 |  24.1 |  58.4 | 935.6
          Lair |  10.8 |  11.2 |   0.1 |  36.2 |  31.6 | 941.0
               +-------+-------+-------+-------+-------+----------------------

Table legend:
 A = Kills in this place as a percentage of kills in entire the game.
 B = Kills by you in this place as a percentage of kills by you in the entire game.
 C = Kills by friends in this place as a percentage of kills by friends in the entire game.
 D = Other kills in this place as a percentage of other kills in the entire game.
 E = Experience gained in this place as a percentage of experience gained in the entire game.
 F = Experience gained in this place divided by the number of levels of this place that you have seen.
                   A       B       C       D       E      F
               +-------+-------+-------+-------+-------+----------------------
         Total | 100.0 | 100.0 |   N/A |   N/A | 100.0 | 1169.7
       Dungeon |  87.0 |  87.0 |   N/A |   N/A |  60.1 | 791.1
          Lair |  13.0 |  13.0 |   N/A |   N/A |  39.9 | 4198.0
               +-------+-------+-------+-------+-------+----------------------
